 Dungeon Crawl Stone Soup version 0.30-a0-996-ga6910c8ee8 (webtiles) character file.

Game seed: 1751406244730725355

315 ThatPearl the Magician (level 6, 0/55 HPs)
             Began as a Djinni Earth Elementalist on Apr 5, 2023.
             Was an Initiate of Makhleb.
             Slain by an ice beast (15 damage)
             ... on level 4 of the Dungeon.
             The game lasted 00:08:32 (2649 turns).

ThatPearl the Magician (Djinni Earth Elementalist)  Turns: 2649, Time: 00:08:33

Health: 0/55       AC:  3    Str:  7    XL:     6   Next: 72%
Gold:   203        EV: 12    Int: 19    God:    Makhleb [......] SH:  0 Dex: 13

rFire   + + .      SeeInvis .    a - +3 sling
rCold   x . .      Faith    .    (no shield)
rNeg    . . .      Spirit   .    f - +0 robe
rPois   ∞          Reflect  .    (no helmet)
rElec   .          Rampage  .    (no cloak)
rCorr   .                        h - +0 pair of gloves
Will    .....                    (boots unavailable)
Stlth   +                        s - amulet of regeneration
HPRegen 1.09/turn                (no ring)
MPRegen 0.00/turn                (no ring)

@: silenced, flying
A: sickness immunity, fire resistance 2, cold vulnerability 1, float, innate
caster, HP casting, extra vitality 1, robust 2
a: Renounce Religion


You were on level 4 of the Dungeon.
You worshipped Makhleb.
Makhleb was noncommittal.
You visited 1 branch of the dungeon, and saw 4 of its levels.

You collected 203 gold pieces.

Inventory:

Hand Weapons
 a - a +3 sling (weapon)
 b - a +2 vampiric short sword
Armour
 f - a +0 robe (worn)
 h - a +0 pair of gloves (worn)
Jewellery
 s - an amulet of regeneration (around neck)
 v - a ring of ice
Wands
 u - a wand of flame (7)
Scrolls
 d - 2 scrolls of teleportation
 j - a scroll of amnesia {unknown}
 k - 3 scrolls of enchant weapon {unknown}
 p - a scroll of enchant armour {unknown}
 q - 2 scrolls of identify {unknown}
 r - 3 scrolls of silence
 t - 2 scrolls of immolation {unknown}
 w - a scroll of torment {unknown}
 x - a scroll of fog {unknown}
 y - a scroll of blinking {unknown}
Potions
 c - a potion of ambrosia
 g - a potion of heal wounds {unknown}
 i - a potion of flight {unknown}
 l - a potion of resistance {unknown}
 m - a potion of lignification {unknown}
 n - a potion of brilliance {unknown}
 o - a potion of might {unknown}
 z - a potion of haste {unknown}


   Skills:
 + Level 3.3 Fighting
 - Level 2.1 Dodging
 - Level 1.5 Stealth
 * Level 4.6 Spellcasting


You knew the following spells:

 Your Spells              Type           Power      Damage    Failure   Level
a - Stone Arrow           Conj/Erth      44%        3d9       6%          3
m - Momentum Strike       Conj/Tloc      44%        3d9       3%          2
n - Necrotise             Necr           88%        1d8       1%          1
p - Petrify               Tmut/Erth      22%        N/A       19%         4
s - Sandblast             Erth           44%        2d11      1%          1
w - Passwall              Tmut/Erth      18%        N/A       3%          2
Your spell library was empty.

Dungeon Overview and Level Annotations

Branches:
Dungeon (4/15)
 Temple: D:4-7

Altars:
Makhleb

Annotations:
D:4 Dowan, Duvessa


Innate Abilities, Weirdness & Mutations

You are immune to sickness and miasma.
You are immune to poison.
Your flesh is very heat resistant. (rF++)
You are vulnerable to cold. (rC-)
You float through the air rather than walking.
You learn spells naturally, not from books.
Your magical power is your life essence.
You have superior vitality. (+4 MHP)
You are very robust. (+20% HP)


Message History

Found a flail.
r - 4 scrolls labelled NOZUOSALUI (gained 1)
Found a scroll labelled ZOMUOXTIOWE.
y - a scroll labelled ZOMUOXTIOWE
As you read the scroll labelled NOZUOSALUI, it crumbles to dust.
A profound silence engulfs you.
It was a scroll of silence.
An ice beast comes into view.
Found a stone staircase leading down.
You shoot a sling bullet.
The sling bullet hits the ice beast but does no damage.
You shoot a sling bullet.
The sling bullet hits the ice beast but does no damage.
The ice beast completely misses you.
You shoot a sling bullet. The sling bullet hits the ice beast.
The ice beast is lightly wounded.
The ice beast closely misses you.
You shoot a sling bullet.
The sling bullet hits the ice beast but does no damage.
The ice beast is lightly wounded.
The ice beast hits you but does no damage.
You shoot a sling bullet. The sling bullet hits the ice beast.
The ice beast is moderately wounded.
The ice beast hits you. The ice beast freezes you!
You feel a terrible chill!
The ice beast hits you but does no damage.
You shoot a sling bullet.
The sling bullet hits the ice beast but does no damage.
The ice beast is moderately wounded.
The ice beast barely misses you.
You shoot a sling bullet.
The sling bullet barely misses the ice beast.
The ice beast hits you but does no damage.
The ice beast hits you. The ice beast freezes you!
You feel a terrible chill!
You are too injured to fight recklessly!
Magic scrolls do not work when you're silenced!
It was a potion of mutation.
You feel extremely strange.
You feel robust. x2
The ice beast hits you.
* * * LOW HITPOINT WARNING * * *
The ice beast freezes you!
You feel a terrible chill!
You die...

...#.# .# ..
#..#.......#.. ... ..
.......##..#.#.# ....
#. #....#.#.....#..
....##.
....#.....#.#.# .#
.......
#........#...# .#
..... #......#.#.#
..#
##..######........#..
..
#...@..##.......#.#.#
.
##..Y...........#...#
.
#..............#.#..
..
###..............##.
#..........#.#....
#.........######.##
.........### ...##
........... ##.#..
......#..>####.....#
#.##.


You could see an ice beast.

Vanquished Creatures
  Sigmund (D:3)
  Ijyb (D:3)
  7 adders
  A worm (D:2)
  A dart slug (D:1)
  2 orcs (D:3)
  8 ball pythons
  8 endoplasms
  A giant cockroach (D:1)
  3 goblins
  4 hobgoblins
  5 kobolds
  3 quokkas
  6 bats
  2 frilled lizards
  13 rats
66 creatures vanquished.

Notes
Turn   | Place    | Note
-------+----------+-------------------------------------------
     0 | D:1      | ThatPearl the Djinni Earth Elementalist began the quest for
                  | the Orb.
     0 | D:1      | ThatPearl set off with the following spells memorised:
                  | Sandblast, Passwall, Stone Arrow, Petrify.
     0 | D:1      | Reached XP level 1. HP: 15/15 MP: 0/0
   120 | D:1      | Reached XP level 2. HP: 22/22 MP: 0/0
   209 | D:1      | Reached skill level 1 in Fighting
   318 | D:1      | Reached XP level 3. HP: 27/27 MP: 0/0
   318 | D:1      | Learned a level 1 spell: Necrotise
   381 | D:1      | Reached skill level 3 in Spellcasting
  1195 | D:2      | Found a faded altar of an unknown god.
  1337 | D:2      | Reached XP level 4. HP: 32/32 MP: 0/0
  1680 | D:3      | Found a burning altar of Makhleb.
  1684 | D:3      | Became a worshipper of Makhleb the Destroyer
  1737 | D:3      | Noticed Ijyb
  1764 | D:3      | Killed Ijyb
  1765 | D:3      | Reached XP level 5. HP: 16/38 MP: 0/0
  1765 | D:3      | Learned a level 2 spell: Momentum Strike
  1937 | D:3      | Noticed Sigmund
  1941 | D:3      | Killed Sigmund
  1942 | D:3      | Reached skill level 4 in Spellcasting
  1942 | D:3      | Reached XP level 6. HP: 43/46 MP: 0/0
  2564 | D:4      | Noticed Duvessa
  2564 | D:4      | Noticed Dowan
  2637 | D:4      | Noticed an ice beast
  2649 | D:4      | Gained mutation: You are robust. (+10% HP) [potion of
                  | mutation]
  2649 | D:4      | Gained mutation: You are very robust. (+20% HP) [potion of
                  | mutation]
  2649 | D:4      | Slain by an ice beast

Illustrated notes

Levels and vault maps discovered:
D:1:      dpeg_arrival_prison, layout_basic, minivault_26, minmay_cupped
D:2:      layout_loops_ring, ebering_ecumenical_altar_sacrificial,
          mrwooster_statue_mirror
D:3:      layout_loops_corners, mainiacjoe_overflow_tiny_flanked, uniq_sigmund,
          uniq_ijyb
D:4:      layout_cave_pools, old_standard_altar, serial_glass, glass_columns_a,
          glass_columns_a, minmay_fountain_box,
          nicolae_concentric_dashed_squares_mild, uniq_duvessa

Skill      XL: |  1  2  3  4  5 |
---------------+----------------+-----
Fighting       | 1 2 3 |  3.3
Spellcasting   | 3 4 |  4.6
Dodging        | |  2.1
Stealth        | |  1.5

Action                     |  1- 3 |  4- 6 || total
---------------------------+-------+-------++-------
  Melee: Short sword       |       |     3 ||     3
   Fire: Sling             |    66 |    70 ||   136
   Cast: Sandblast         |     5 |    27 ||    32
         Stone Arrow       |       |     3 ||     3
         Necrotise         |       |     3 ||     3
    Use: Potion            |       |     2 ||     2
         Scroll            |       |     2 ||     2
 Armour: Robe              |    11 |    12 ||    23
  Dodge: Dodged            |    11 |    30 ||    41

Table legend: (Time is in decaauts)
 A = Elapsed time spent in this place.
 B = Non-inter-level travel time spent in this place.
 C = Inter-level travel time spent in this place.
 D = Time resting spent in this place.
 E = Time spent auto-exploring this place.
 F = Levels seen in this place.
 G = Mean time per level.
                   A        B        C        D        E       F      G
               +--------+--------+--------+--------+--------+-----+--------+
         Total |   2717 |   2529 |    188 |     16 |   2048 |   4 |  679.2 |
       Dungeon |   2717 |   2529 |    188 |     16 |   2048 |   4 |  679.2 |
               +--------+--------+--------+--------+--------+-----+--------+

Top non-repeatable levels by time:
     D:3: 1001 daAuts
     D:1: 960 daAuts
     D:2: 703 daAuts
     D:4: 51 daAuts
